 Dungeon Crawl Stone Soup version 0.24.0-13-gcf9b319 (webtiles) character file.

Game seed: 17708761493865498098, levelgen mode: deterministic

15608 Fang the Fighter (level 12, 0/80 HPs)
             Began as a Gargoyle Berserker on Nov 18, 2019.
             Was a High Priest of Trog.
             Killed from afar by an oklob plant (3 damage)
             ... with a splash of acid
             ... on level 1 of the Lair of Beasts.
             The game lasted 00:12:55 (10789 turns).

Fang the Fighter (Gargoyle Berserker)              Turns: 10789, Time: 00:12:56

Health: 0/80       AC: 24    Str: 26    XL:     12   Next: 28%
Magic:  12/12      EV: 10    Int:  8    God:    Trog [*****.]
Gold:   733        SH:  0    Dex:  9    Spells: 11/11 levels left

rFire    . . .     SeeInvis +   a - +4 war axe (drain)
rCold    + . .     Gourm    .   (no shield)
rNeg     + . .     Faith    .   b - +1 plate armour
rPois    ∞         Spirit   .   x - +1 hat
rElec    +         Reflect  .   s - +2 cloak
rCorr    .         Harm     .   (no gloves)
MR       .....                  (no boots)
Stlth    ..........             (no amulet)
HPRegen  0.23/turn              F - ring of protection from cold
MPRegen  0.13/turn              l - ring of see invisible

@: corroded, heavily drained
A: negative energy resistance 1, electricity resistance, unbreathing,
petrification resistance, rot immunity, AC +8
a: Berserk, Trog's Hand, Brothers in Arms, Renounce Religion


You were on level 1 of the Lair of Beasts.
You worshipped Trog.
Trog was extremely pleased with you.
You were hungry.

You visited 3 branches of the dungeon, and saw 14 of its levels.

You collected 733 gold pieces.

Inventory:

Hand Weapons
 a - a +4 war axe of draining (weapon)
 G - a +0 broad axe of distortion
Armour
 b - a +1 plate armour (worn)
 s - a +2 cloak (worn)
 x - a +1 hat (worn)
Jewellery
 l - a ring of see invisible (right hand)
 w - an uncursed ring of stealth
 D - an uncursed ring of positive energy
 F - a ring of protection from cold (left hand)
Wands
 d - a wand of flame (44)
 h - a wand of acid (15)
 m - a wand of polymorph (16)
 q - a wand of disintegration (12)
 r - a wand of random effects (17)
 E - a wand of digging (11)
Scrolls
 e - 4 scrolls of remove curse
 g - a scroll of magic mapping
 k - 2 scrolls of fear
 n - 10 scrolls of teleportation
 y - 3 scrolls of identify
 B - 2 scrolls of blinking
Potions
 f - a potion of ambrosia
 i - 5 potions of curing
 j - 2 potions of agility
 o - 3 potions of haste
 p - a potion of invisibility
 t - 2 potions of magic
 v - 3 potions of flight
 C - a potion of berserk rage {unknown}
Comestibles
 c - 22 rations


   Skills:
 + Level 11.2(9.8) Fighting
 + Level 9.5(8.2) Axes
 + Level 11.0(9.6) Armour
 + Level 8.5(7.2) Dodging


You had 11 spell levels left.
You didn't know any spells.
Your spell library was empty.

Dungeon Overview and Level Annotations

Branches:
Dungeon (12/15)            Temple (1/1) D:7            Lair (1/6) D:10
    Orc (0/2) D:9

Altars:
Ashenzari
Cheibriados
Elyvilon
Gozag
Hepliaklqana
Kikubaaqudgha
Makhleb
Nemelex Xobeh
Ru
Xom
Zin
The Shining One

Shops:
D:4 %   D:10 ?

Portals:
Trove: D:10 (show slimy rune of Zot)

Annotations:
Lair:1 exclusion: 2 oklob plants


Innate Abilities, Weirdness & Mutations

You are resistant to torment.
Your stone body is resilient. (AC +8)
You are immune to poison.
You resist negative energy. (rN+)
You are resistant to electric shocks. (rElec)
You can survive without breathing.
You are immune to petrification.
You are immune to rotting.


Message History

The oklob plant spits acid at you. The splash of acid misses you.
The oklob plant spits acid at you. The splash of acid hits you!
* * * LOW HITPOINT WARNING * * *
The acid corrodes you!
You are splashed with acid!
* * * LOW HITPOINT WARNING * * *
You feel much better. The oklob plant spits acid at you.
The splash of acid hits you.
You are splashed with acid!
You slash the plant!
The plant is heavily damaged.
The oklob plant spits acid at you. The splash of acid hits you!
* * * LOW HITPOINT WARNING * * *
You are splashed with acid!
* * * LOW HITPOINT WARNING * * *
The oklob plant spits acid at you. The splash of acid hits you.
You die...

#......##
#.####..# ###
####...+### #..
#.........#
##..
##.........#
##P..
#P.........#
.....
##.........+
#..
#####.........#
#..
#?$$@.......).#
#..
#P.$P..†......#
###
#.P.P..+#.#####
#####.#.###
##..# #.# .# .#
)#


You could see 2 oklob plants.

Vanquished Creatures
  Nessos (D:12)
  A centaur warrior (D:10)
  2 two-headed ogres
  3 unseen horrors
  Pikel (D:6)
  An ugly thing (D:9)
  A guardian serpent (D:12)
  Joseph (D:8)
  2 spiny frogs (Lair:1)
  A troll (D:10)
  Prince Ribbit (D:6)
  4 hippogriffs
  Sigmund (D:3)
  A wyvern (D:12)
  A wraith (D:12)
  A vampire (D:11)
  A human (D:8)
  2 hungry ghosts
  Edmund (D:4)
  Menkaure (D:4)
  A soldier ant (D:10)
  A porcupine (Lair:1)
  5 sky beasts
  4 slaves
  2 ice beasts
  7 orc warriors
  A wolf (D:10)
  3 centaurs
  3 ogres
  A big kobold (D:9)
  A crocodile (D:7)
  5 bullfrogs
  A wyvern zombie (D:9)
  5 scorpions
  14 killer bees
  7 wights
  5 howler monkeys
  An electric eel (D:10)
  4 crimson imps
  A bullfrog zombie (D:7)
  A jelly (D:7)
  11 hounds
  4 orc priests
  2 bullfrog skeletons
  2 centaur skeletons
  Crazy Yiuf (D:3)
  2 iguanas
  Ijyb (D:5)
  13 orc wizards
  9 worker ants
  A hound skeleton (D:10)
  A howler monkey zombie (D:8)
  2 worker ant zombies
  Robin (D:4)
  7 gnolls
  13 adders
  2 shadow imps
  2 oozes
  2 adder zombies
  2 worms
  3 dart slugs
  8 leopard geckos
  39 orcs
  A ball python (D:2)
  8 giant cockroaches
  17 goblins
  9 hobgoblins
  2 jackals (D:3)
  2 quokkas
  6 bats
  8 frilled lizards
  A giant cockroach zombie (D:6)
  A jackal zombie (D:5)
  12 kobolds
  9 rats
305 creatures vanquished.

Vanquished Creatures (collateral kills)
  A two-headed ogre (D:11)
  A hydra (D:11)
  A vampire (D:11)
  An ogre (D:11)
  A hound (D:11)
5 creatures vanquished.

Vanquished Creatures (others)
  An iguana (D:4)
  A plant (Lair:1)
2 creatures vanquished.

Grand Total: 312 creatures vanquished

Notes
Turn   | Place    | Note
-------+----------+-------------------------------------------
     0 | D:1      | Fang the Gargoyle Berserker began the quest for the Orb.
     0 | D:1      | Reached XP level 1. HP: 14/14 MP: 1/1
    88 | D:1      | Reached XP level 2. HP: 7/19 MP: 2/2
   441 | D:1      | Reached ** piety under Trog
   492 | D:1      | Reached XP level 3. HP: 22/23 MP: 3/3
   818 | D:2      | Reached XP level 4. HP: 14/29 MP: 4/4
  1403 | D:2      | Found a hazy altar of Hepliaklqana.
  1703 | D:3      | Found a burning altar of Makhleb.
  1711 | D:3      | Reached XP level 5. HP: 16/33 MP: 5/5
  1842 | D:3      | Noticed Sigmund
  1848 | D:3      | Killed Sigmund
  1848 | D:3      | Reached XP level 6. HP: 30/39 MP: 6/6
  2129 | D:3      | Reached *** piety under Trog
  2242 | D:3      | Found a runed translucent door.
  2243 | D:3      | Noticed Crazy Yiuf
  2465 | D:3      | Killed Crazy Yiuf
  2624 | D:4      | Found a white marble altar of Elyvilon.
  2624 | D:4      | Noticed Robin
  2653 | D:4      | Killed Robin
  2694 | D:4      | Reached skill level 5 in Fighting
  2784 | D:4      | Reached XP level 7. HP: 30/44 MP: 7/7
  2790 | D:4      | Noticed Menkaure
  2800 | D:4      | Killed Menkaure
  2882 | D:4      | Found Royps's Food Boutique.
  3007 | D:4      | Noticed Edmund
  3027 | D:4      | Killed Edmund
  3027 | D:4      | Reached skill level 5 in Armour
  3253 | D:4      | Reached XP level 8. HP: 17/51 MP: 8/8
  3694 | D:5      | Entered Level 5 of the Dungeon
  3743 | D:5      | Reached skill level 5 in Axes
  3771 | D:5      | Noticed Ijyb
  3785 | D:5      | Killed Ijyb
  4248 | D:5      | Found a glowing golden altar of the Shining One.
  4265 | D:5      | Found a sparkling altar of Nemelex Xobeh.
  4431 | D:6      | Noticed Pikel
  4464 | D:6      | Killed Pikel
  4691 | D:6      | HP: 1/52 [ice beast (13)]
  4700 | D:5      | Reached XP level 9. HP: 38/57 MP: 9/9
  4702 | D:5      | Reached skill level 5 in Dodging
  4794 | D:6      | Reached **** piety under Trog
  5167 | D:6      | Noticed Prince Ribbit
  5180 | D:6      | Killed Prince Ribbit
  5329 | D:6      | Found a sacrificial altar of Ru.
  5329 | D:6      | Found an ancient bone altar of Kikubaaqudgha.
  5555 | D:7      | Found a staircase to the Ecumenical Temple.
  5567 | Temple   | Entered the Ecumenical Temple
  5800 | D:7      | Paralysed by fainting for 9 turns
  5966 | D:7      | Reached XP level 10. HP: 63/64 MP: 10/10
  6055 | D:7      | Found a sparkling altar of Nemelex Xobeh.
  6113 | D:8      | Noticed Joseph
  6127 | D:8      | Killed Joseph
  6695 | D:8      | Found a snail-covered altar of Cheibriados.
  7237 | D:9      | Noticed a cyan ugly thing
  7246 | D:9      | Killed a cyan ugly thing
  7246 | D:9      | Reached ***** piety under Trog
  7322 | D:9      | Noticed a two-headed ogre
  7329 | D:9      | Killed a two-headed ogre
  7336 | D:9      | Found a shattered altar of Ashenzari.
  7374 | D:9      | Found a staircase to the Orcish Mines.
  7441 | D:9      | Found an opulent altar of Gozag.
  7502 | D:9      | Noticed an angel
  7503 | D:9      | Found a glowing silver altar of Zin.
  7503 | D:9      | Found a shimmering altar of Xom.
  7909 | D:10     | Entered Level 10 of the Dungeon
  7974 | D:10     | Found a portal to a secret trove of treasure.
  8005 | D:10     | Noticed a centaur warrior
  8024 | D:10     | Killed a centaur warrior
  8024 | D:10     | Reached XP level 11. HP: 37/72 MP: 11/11
  8289 | D:10     | Found a staircase to the Lair.
  8434 | D:10     | Found Siplyi's Magic Scroll Shoppe.
  8563 | D:11     | Noticed a two-headed ogre
  8565 | D:11     | Noticed a six-headed hydra
  8572 | D:11     | Killed a two-headed ogre
  8573 | D:11     | Killed a six-headed hydra
  8573 | D:11     | Received a gift from Trog
  8573 | D:11     | Reached skill level 10 in Fighting
  8740 | D:11     | Killed an unseen horror
  8839 | D:11     | Noticed an unseen horror
  8865 | D:11     | Killed an unseen horror
  8865 | D:11     | Reached skill level 10 in Armour
  9639 | D:12     | Noticed a two-headed ogre
  9652 | D:12     | Killed a two-headed ogre
  9756 | D:12     | Noticed an unseen horror
  9777 | D:12     | Killed an unseen horror
  9871 | D:12     | Reached XP level 12. HP: 72/79 MP: 12/12
  9952 | D:12     | Noticed Nessos
  9971 | D:12     | Killed Nessos
 10686 | Lair:1   | Entered Level 1 of the Lair of Beasts
 10788 | Lair:1   | HP: 3/80 [acid (15)]
 10789 | Lair:1   | Killed from afar by an oklob plant

Levels and vault maps discovered:
D:1:      scummos_arrival_simple_fountains, layout_rooms
D:2:      layout_loops_ring, marbit_many_paths
D:3:      layout_loops_ring, makhleb_heckhound_becter, uniq_crazy_yiuf_cottage,
          uniq_sigmund
D:4:      layout_basic, serial_shops, nicolae_shop_trees, first_ration,
          elyvilon_altar_4, uniq_menkaure, uniq_edmund, uniq_robin
D:5:      layout_rooms, lemuel_doored_altar, old_standard_altar, uniq_ijyb
D:6:      layout_rooms, gammafunk_temple_overflow_elements, uniq_prince_ribbit1,
          uniq_pikel
D:7:      layout_basic, minmay_temple_entry_tees, nemelex_lonely_heart_becter
D:8:      layout_basic, kennysheep_mini_moat, grunt_pizzeria, uniq_joseph
D:9:      layout_roguey, grunt_temple_overflow_order_and_chaos_1,
          grunt_gozag_statues, evilmike_ruin_ashenzari
D:10:     layout_rooms, erik_lair_island, serial_shops, shop,
          nicolae_trove_entry_crossroad
D:11:     layout_cave_pods, abandoned_shop
D:12:     layout_layer_cave, nrook_guardian_serpent_double, uniq_nessos
Temple:   minmay_temple_curvy_loop
Lair:1:   layout_roguey, minmay_lair_oklob_chamber

Skill      XL: |  1  2  3  4  5  6  7  8  9 10 11 12 |
---------------+-------------------------------------+-----
Axes           | 3 4 5 6 8 9 |  9.5
Dodging        | 2 3 4 5 7 8 |  8.5
Armour         | 3 4 5 6 7 9 10 11 | 11.0
Fighting       | 4 5 7 8 9 10 11 | 11.2

Action                   |  1- 3 |  4- 6 |  7- 9 | 10-12 || total
-------------------------+-------+-------+-------+-------++-------
Melee: Hand axe          |   116 |    89 |       |       ||   205
       War axe           |       |    97 |   290 |   440 ||   827
Invok: Berserk           |       |     4 |     7 |     3 ||    14
       Trog's Hand       |       |     2 |     1 |     2 ||     5
       Brothers in Arms  |       |       |       |     1 ||     1
  Use: Scroll            |       |       |    13 |    13 ||    26
       Potion            |       |       |     1 |     1 ||     2
  Eat: Chunk             |       |    11 |    20 |    19 ||    50
       Ration            |       |       |       |     1 ||     1
Armor: Animal skin       |    46 |    87 |    12 |       ||   145
       Chain mail        |       |       |    38 |       ||    38
       Plate armour      |       |       |   193 |   474 ||   667
Dodge: Dodged            |    76 |   154 |   191 |   300 ||   721
